 Dungeon Crawl Stone Soup version 0.26-a0-739-gf55cbd344a (webtiles) character file.

Game seed: 6363251951999576861

34 jiml777 the Magician (level 3, 0/19 HPs)
             Began as a Deep Elf Air Elementalist on Nov 5, 2020.
             Slain by Natasha (6 damage)
             ... on level 2 of the Dungeon.
             The game lasted 00:08:12 (1336 turns).

jiml777 the Magician (Deep Elf Air Elementalist)    Turns: 1336, Time: 00:08:13

Health: 0/19       AC:  2    Str:  5    XL:     3   Next: 14%
Magic:  6/10       EV: 13    Int: 20    God:
Gold:   10         SH:  0    Dex: 15    Spells: 8/9 levels left

rFire    . . .     SeeInvis .   l - +0 dagger
rCold    . . .     Faith    .   (no shield)
rNeg     + . .     Spirit   .   a - +0 robe
rPois    .         Reflect  .   (no helmet)
rElec    .         Harm     .   (no cloak)
rCorr    .         Rampage  .   (no gloves)
MR       .....                  (no boots)
Stlth    ++........             (no amulet)
HPRegen  0.06/turn              g - ring of positive energy
MPRegen  0.12/turn              (no ring)

@: no status effects
A: no striking features
a: no special abilities


You were on level 2 of the Dungeon.
You visited 1 branch of the dungeon, and saw 2 of its levels.

You collected 10 gold pieces.

Inventory:

Hand Weapons
 l - a +0 dagger (weapon)
Armour
 a - a +0 robe (worn)
Jewellery
 g - a ring of positive energy (left hand)
Scrolls
 d - a scroll of identify {unknown}
 f - 4 scrolls of remove curse {unknown}
 i - a scroll of fear {unknown}
Potions
 b - a potion of flight {unknown}
 e - a potion of attraction {unknown}
 h - a potion of curing {unknown}
 j - a potion of haste {unknown}
 k - a potion of brilliance {unknown}


   Skills:
 + Level 3.3 Dodging
 + Level 2.4 Stealth
 + Level 3.5 Spellcasting
 + Level 1.3 Conjurations
 + Level 3.4 Air Magic


You had 8 spell levels left.
You knew the following spells:

 Your Spells              Type           Power        Failure   Level
a - Shock                 Conj/Air       ##..         4%          1

Your spell library contained the following spells:

 Spells                   Type           Power        Failure   Level
 Swiftness                Air            ###.....     4%          2
 Static Discharge         Conj/Air       ##......     16%         3
 Airstrike                Air            ###.......   32%         4
 Lightning Bolt           Conj/Air       ##........   80%         5


Dungeon Overview and Level Annotations

Branches:
Dungeon (2/15)

Altars:

Annotations:
D:2 Natasha


Message History

The crimson imp is heavily wounded.
Natasha claws you!
Casting: Shock (safe; 4% risk of failure)
Confirm with . or Enter, or press ? or * to list all spells.
Aiming: Shock (safe; 4% risk of failure)
Press: ? - help, Shift-Dir - straight line The zap hits Natasha but does no damage.
The zap hits Natasha.
Natasha is moderately wounded.
The zap hits the crimson imp.
The crimson imp is severely wounded.
Natasha casts a spell.
Casting: Shock (safe; 4% risk of failure)
Confirm with . or Enter, or press ? or * to list all spells.
Aiming: Shock (safe; 4% risk of failure)
Press: ? - help, Shift-Dir - straight line The zap hits Natasha.
Natasha is heavily wounded.
The zap misses Natasha.
The zap misses the crimson imp.
Natasha claws you.
You die...

#......#####
#.<........#
#..#.#####.
..$#.#.#
#####.#.#
#.#.#
######.#5#
.......#h#
......5@.#
##########


You could see an iron imp (summoned), Natasha and a crimson imp (summoned).

Vanquished Creatures
  A leopard gecko (D:1)
  4 goblins (D:1)
  7 hobgoblins (D:1)
  7 jackals (D:1)
  2 kobolds (D:1)
  A ball python (D:1)
  A bat (D:1)
  3 frilled lizards (D:1)
  2 rats (D:1)
28 creatures vanquished.

Notes
Turn   | Place    | Note
-------+----------+-------------------------------------------
     0 | D:1      | jiml777 the Deep Elf Air Elementalist began the quest for
                  | the Orb.
     0 | D:1      | Reached XP level 1. HP: 10/10 MP: 6/6
   461 | D:1      | Reached XP level 2. HP: 15/15 MP: 5/8
  1003 | D:1      | Reached XP level 3. HP: 19/19 MP: 8/10
  1323 | D:2      | Noticed Natasha
  1336 | D:2      | Slain by Natasha

Illustrated notes

Levels and vault maps discovered:
D:1:      eino_arrival_tree_alley, layout_basic
D:2:      layout_loops_ring, uniq_jessica, uniq_natasha

Skill      XL: |  1  2 |
---------------+-------+-----
Dodging        | 3 |  3.3
Stealth        | |  2.4
Spellcasting   | |  3.5
Conjurations   | |  1.3
Air Magic      | |  3.4

Action                   || total
-------------------------++-------
Melee: Unarmed           ||     8
 Cast: Shock             ||    50
Armor: Robe              ||     4
Dodge: Dodged            ||    25

Table legend: (Time is in decaauts)
 A = Elapsed time spent in this place.
 B = Non-inter-level travel time spent in this place.
 C = Inter-level travel time spent in this place.
 D = Time resting spent in this place.
 E = Time spent auto-exploring this place.
 F = Levels seen in this place.
 G = Mean time per level.
                   A        B        C        D        E       F      G
               +--------+--------+--------+--------+--------+-----+--------+
         Total |   1334 |   1334 |      0 |    591 |    477 |   2 |  667.0 |
       Dungeon |   1334 |   1334 |      0 |    591 |    477 |   2 |  667.0 |
               +--------+--------+--------+--------+--------+-----+--------+

Top non-repeatable levels by time:
     D:1: 1321 daAuts
     D:2: 12 daAuts
